Workbook

Sheet PRESUPUESTO OFICIAL
B2: MINISTERIO DE TRANSPORTE INSTITUTO NACIONAL DE VIAS INVITACION PUBLICA
B6: IP-DT-OCA-003-2022
B7: INTERVENTORIA TÉCNICA, ADMINISTRATIVA, FINANCIERA, Y AMBIENTAL PARA EL MANTENIMIENTO Y MEJORAMIENTO DE VIAS TERCIARIAS DEL PROGRAMA “COLOMBIA RURAL” EN LOS MUNICIPIOS DE CONVENCION, HACARI Y LA PLAYA DEL ACUERDO 11 DEL OCAD PAZ, LOCALIZADOS EN EL DEPARTAMENTO DE NORTE DE SANTANDER.
B11: PRESUPUESTO OFICIAL | F11: PLAZO: DOS (2) MESES Y QUINCE (15) DIAS
B13: No. DE ORDEN | C13: CANT. | D13: CARGO / OFICIO | E13: COSTO MENSUAL | F13: DEDICACIÓN MENSUAL | G13: PARTICIPACION (H/Mes) | H13: VALOR PARCIAL ($)
E14: (1) | F14: (2) | G14: (3) | H14: (1)*(2)*(3) = (4)
D15: COSTOS DIRECTOS DE PERSONAL
D16: PERSONAL PROFESIONAL
B17: 1 | C17: 1 | D17: Director de Interventoria | E17: 5000000 | F17: 0.3 | G17: 2.5 | H17: =+E17*F17*G17 -> 3750000 | I17: NO MODIFICAR
B18: 2 | C18: 1 | D18: Ingeniero Residente de Interventoría 1 | E18: 3200000 | F18: 1 | G18: 2.5 | H18: =+E18*F18*G18 -> 8000000 | I18: NO MODIFICAR
B19: 3 | C19: 1 | D19: Ingeniero Residente de Interventoría 2 | E19: 3200000 | F19: 1 | G19: 1.5 | H19: =+E19*F19*G19 -> 4800000 | I19: NO MODIFICAR
B20: 4 | C20: 1 | D20: Ingeniero Residente de Interventoría 3 | E20: 3200000 | F20: 1 | G20: 1 | H20: =+E20*F20*G20 -> 3200000 | I20: NO MODIFICAR
D21: PERSONAL ESPECIALISTA
B22: 5 | C22: 1 | D22: Especialista Ambiental | E22: 4500000 | F22: 0.15 | G22: 2.5 | H22: =+E22*F22*G22 -> 1687500 | I22: NO MODIFICAR
B23: 6 | C23: 1 | D23: Especialista Vias y/o Pavimentos | E23: 4500000 | F23: 0.15 | G23: 2.5 | H23: =+E23*F23*G23 -> 1687500 | I23: NO MODIFICAR
D24: PERSONAL TÉCNICO
B25: 7 | C25: 1 | D25: Inspector 1 | E25: 1486000 | F25: 1 | G25: 2.5 | H25: =+E25*F25*G25 -> 3715000 | I25: NO MODIFICAR
D27: SUBTOTAL COSTO DE PERSONAL = SUMATORIA DE (4) = (5) | H27: =SUM(H17:H26) -> 26840000
D28: FACTOR MULTIPLICADOR (6) | H28: 2.34 | I28: VALOR MÁXIMO
D29: TOTAL COSTOS DIRECTOS DE PERSONAL = (5) * (6) = (A) | H29: =+H27*H28 -> 62805600
B30: No. ORDEN | C30: CANT. | D30: CONCEPTO | E30: UNIDAD | F30: COSTO ($) | G30: DEDICACION RECURSO | H30: VALOR PARCIAL ($)
F31: (7) | G31: (8) | H31: (7)*(8)=(9)
D32: OTROS COSTOS DIRECTOS
D33: COSTOS DE ALQUILER DE EQUIPOS Y OFICINA
B34: 8 | C34: 1 | D34: Trabajo de topografía (Incluye Personal, equipo y transporte) | E34: Según comprobante por mes | F34: 2200000 | G34: 2.5 | H34: =+C34*F34*G34 -> 5500000
B35: 9 | C35: 1 | D35: Motocicleta (Incluye Combustible) (1) | E35: Mes | F35: 600000 | G35: 2.5 | H35: =+C35*F35*G35 -> 1500000
B36: 10 | C36: 1 | D36: Motocicleta (Incluye Combustible) (2) | E36: Mes | F36: 600000 | G36: 1.5 | H36: =+C36*F36*G36 -> 900000
B37: 11 | C37: 1 | D37: Motocicleta (Incluye Combustible) (3) | E37: Mes | F37: 600000 | G37: 1 | H37: =+C37*F37*G37 -> 600000
B38: 12 | C38: 1 | D38: Edición de informes, papelería, reproducciòn de documentos, planos, fotografías, etc | E38: Mes | F38: 150000 | G38: 2.5 | H38: =+C38*F38*G38 -> 375000
B39: 13 | C39: 1 | D39: Comunicaciones (telefonía fija y/o celular, fax,correo, internet, etc) | E39: Mes | F39: 50000 | G39: 2.5 | H39: =+C39*F39*G39 -> 125000
B40: 14 | C40: 1 | D40: Oficina/Campamento en la zona del proyecto (incluye dotación y sevicios públicos) | E40: Según comprobante por mes | F40: 800000 | G40: 2.5 | H40: =+C40*F40*G40 -> 2000000
B41: 15 | C41: 1 | D41: Elementos e insumos de proteccion protocolo Bioseguridad | E41: Según comprobante por mes | F41: 105000 | G41: 2.5 | H41: =+C41*F41*G41 -> 262500
B42: 16 | C42: 1 | D42: Veeduría Comunitaria | E42: Según comprobante por mes | F42: 120659 | G42: 2.5 | H42: =+C42*F42*G42 -> 301647.5
D43: SUBTOTAL OTROS COSTOS DIRECTOS = SUMATORIA DE (9) = (B) | H43: =SUM(H34:H42) -> 11564148
D44: Valor total básico = (A) + (B) = (C) | H44: =+H29+H43 -> 74369748
D45: Provisión para ajustes y frente adicional (D) | H45: 0
D46: Subtotal costos básicos (C) + (D) = (E) | H46: =+H44+H45 -> 74369748
D47: IVA = 19% * ( E) = (F) | H47: =+H46*0.19 -> 14130252
D48: COSTO TOTAL = ( E) + (F) ajustado al peso | H48: =ROUND(H46+H47,0) -> 88500000
B49: NOTAS FORMULARIO Y PRESUPUESTO:
B50: 1. Los Ingenieros Residentes y el Personal con dedicación del 100% al Proyecto, debe residir en el lugar de ejecución de la obra, so pena de incurrir en falta grave a sus obligaciones, con la consecuente aplicación de las sanciones establecidas contractualmente.
B51: 2. Para el reconocimiento de los gastos deberá tenerse en cuenta la forma de pago establecida en los estudios previos, pliego de condiciones y contrato y las indicaciones pertinentes del Manual de Interventoría vigente, o el que lo modifique o sustituya. Se tendrá en cuenta lo siguiente, según corresponda:
B52: 2.1. Los costos directos de personal deben estar soportados por la nómina firmada, los cuales se anexarán al acta de costos para el trámite correspondiente ante el Instituto.
B53: 2.2. Los viáticos se reconocerán según su utilización real y sin superar los topes fijados en la Resolución que el Instituto a tal fecha tenga vigente. Se reconocerán viáticos a los Profesionales de dedicación parcial, sin prima regional. En los casos en que se requiera la presencia del Director e Ingenieros Residentes de Interventoría en Planta Central de INVIAS Bogotá, se le reconocerán viáticos.
B54: 2.3. El Equipo Completo de Topografía o Trabajo de Topografia, Laboratorio Completo de Suelos, Pavimentos y Concretos, o Ensayos de Laboratorio de Suelos, Pavimentos y Concretos, Oficina/Campamento (incluye dotación y servicios públicos), Transportes Aéreos y/o Terrestres (incluye peajes), Edición de Informes, Papelería, Reproducción de Documentos, Planos, Fotografías, Comunicaciones (telefonía fija y/o celular efectivamente utilizados para el proyecto, fax, correo, internet, etc.) y Veeduría Comunitaria, se reembolsarán según su costo real, contra la presentación de facturas y soportes respectivos.
B55: 2.4. Los gastos de transporte terrestre y peajes solo se reconocerán aquellos que se originen por el desplazamiento del personal en la zona del proyecto.
B56: 2.5. Para el caso del reembolso de los costos globales (en el evento en que aplique), es responsabilidad de la Interventoría el gasto racional de estos recursos, de acuerdo con las necesidades del proyecto dentro del plazo contractual.
B57: 2.6. La participación del personal en el Proyecto y la utilización de los otros costos directos, se pagarán mensualmente, de conformidad con la programación de recursos aprobada por el Supervisor del Contrato.
B58: 2.7. Los valores que aparecen fijos e inmodificables no podrán alterarse, de lo contrario, será causal de rechazo.
B59: 2.8. El personal de interventoría NO tendrá Prima Regional y los costos correspondientes a las jornadas adicionales de trabajo no se reconocerán.
B60: 2.9. El factor multiplicador no debe desglosarse y no será necesario desglosar el factor de honorarios toda vez que se entiende incluido dentro del factor multiplicador
... B64: FIRMAS:
B66: Nombre y firma del Representante Legal del Proponente | F66: Nombre del proponente

Sheet CRONOGRAMA Y PLAN DE CARGAS
A1: MINISTERIO DE TRANSPORTE
A2: INSTITUTO NACIONAL DE VÍAS
A3: DIRECCION TERRITORIAL OCAÑA
A5: IP-DT-OCA-003-2022
A6: INTERVENTORIA TÉCNICA, ADMINISTRATIVA, FINANCIERA, Y AMBIENTAL PARA EL MANTENIMIENTO Y MEJORAMIENTO DE VIAS TERCIARIAS DEL PROGRAMA “COLOMBIA RURAL” EN LOS MUNICIPIOS DE CONVENCION, HACARI Y LA PLAYA DEL ACUERDO 11 DEL OCAD PAZ, LOCALIZADOS EN EL DEPARTAMENTO DE NORTE DE SANTANDER.
A8: CRONOGRAMA Y PLAN DE CARGAS
A11: ACTIVIDADES | B11: MES | E11: 1 | F11: MES | I11: 2 | J11: MES | M11: 3 | N11: RESPONSABLE | O11: UTILIZACION MES-HOMBRE
B12: 1 | C12: =+B12+1 -> 2 | D12: =+C12+1 -> 3 | E12: =+D12+1 -> 4 | F12: 1 | G12: =+F12+1 -> 2 | H12: =+G12+1 -> 3 | I12: =+H12+1 -> 4 | J12: 1 | K12: =+J12+1 -> 2 | L12: =+K12+1 -> 3 | M12: =+L12+1 -> 4 | O12: 1 | P12: 1 | Q12: 1 | R12: 1 | S12: 1 | T12: 1 | U12: 1
O13: ='PRESUPUESTO OFICIAL'!D17 -> Director de Interventoria | P13: ='PRESUPUESTO OFICIAL'!D18 -> Ingeniero Residente de Interventoría 1 | Q13: ='PRESUPUESTO OFICIAL'!D19 -> Ingeniero Residente de Interventoría 2 | R13: ='PRESUPUESTO OFICIAL'!D20 -> Ingeniero Residente de Interventoría 3 | S13: ='PRESUPUESTO OFICIAL'!D22 -> Especialista Ambiental | T13: ='PRESUPUESTO OFICIAL'!D23 -> Especialista Vias y/o Pavimentos | U13: ='PRESUPUESTO OFICIAL'!D25 -> Inspector 1
A14: 1. ETAPA DE PRECONSTRUCCIÓN. Seguimiento, control y revisión a los ajustes y/o actualización y/o modificación y/o elaboración de estudios complementarios y/o definitivos, elaborados por el contratista, de manera que para la revisón final se cuente con las revisiones parciales surtidas en la elaboración de los mismos. Mantenimiento Preventivo del corredor vial. Trabajos para garantizar la transitabilidad y seguridad vial del corredor vial. | B14: 1 | N14: Director de Interventoría, Especialista Ambiental, Especialista en Vía y/o Pavimentos. | O14: =10%*O24 -> 0.25 | P14: 0 | Q14: 0 | R14: 0 | S14: =40%*S24 -> 1 | T14: =40%*T24 -> 1 | U14: 0
A15: 2. ETAPA DE CONSTRUCCIÓN:
A16: 2.1. CONTROL TECNICO, FINANCIERO, ADMINISTRATIVO , LEGAL Y AMBIENTAL, PREDIAL Y SOCIAL. | B16: 1 | C16: 1 | D16: 1 | E16: 1 | F16: 1 | G16: 1 | H16: 1 | I16: 1 | J16: 1 | K16: 1 | N16: Director de Interventoría, Ingeniero Residente de Interventoría (3), Especialista Ambiental, Especialista en Vía y/o Pavimentos, Inspector. | O16: =50%*O24 -> 1.25 | P16: =50%*P24 -> 1.25 | Q16: =50%*Q24 -> 0.75 | R16: =50%*R24 -> 0.5 | S16: =30%*S24 -> 0.75 | T16: =30%*T24 -> 0.75 | U16: =50%*U24 -> 1.25
A17: 2.2. INFORMES SEMANALES DE SEGUIMIENTO. | B17: 1 | C17: 1 | D17: 1 | E17: 1 | F17: 1 | G17: 1 | H17: 1 | I17: 1 | J17: 1 | K17: 1 | N17: Director de Interventoría, Ingeniero Residente de Interventoría (3), Inspector | O17: =10%*O24 -> 0.25 | P17: =20%*P24 -> 0.5 | Q17: =20%*Q24 -> 0.3 | R17: =20%*R24 -> 0.2 | S17: 0 | T17: 0 | U17: =50%*U24 -> 1.25
A18: 2.3. INFORMES MENSUALES | E18: 1 | I18: 1 | K18: 1 | N18: Director de Interventoría, Ingeniero Residente de Interventoría (3), Especialista Ambiental, Especialista en Vía y/o Pavimentos. | O18: =10%*O24 -> 0.25 | P18: =10%*P24 -> 0.25 | Q18: =10%*Q24 -> 0.15 | R18: =10%*R24 -> 0.1 | S18: =20%*S24 -> 0.5 | T18: =20%*T24 -> 0.5 | U18: 0
A19: 2.4. INFORMES EJECUTIVOS. (Semanal y mensualmente, ya sea en Físico, vía Web o ambas). | B19: 1 | C19: 1 | D19: 1 | E19: 1 | F19: 1 | G19: 1 | H19: 1 | I19: 1 | J19: 1 | K19: 1 | N19: Director de Interventoría, Ingeniero Residente de Interventoría (3). | O19: 0.1 | P19: =5%*P24 -> 0.125 | Q19: =5%*Q24 -> 0.075 | R19: =5%*R24 -> 0.05 | S19: 0 | T19: 0 | U19: 0
A20: 2.5. INFORME TRIMESTRAL DANE: INDICADOR DE AVANCE DE OBRAS CIVILES "IAFOC" | N20: Director de Interventoría, Ingeniero Residente de Interventoría (3). | O20: 0.1 | P20: =5%*P24 -> 0.125 | Q20: =5%*Q24 -> 0.075 | R20: =5%*R24 -> 0.05 | S20: 0 | T20: 0 | U20: 0
A21: 2.6. RECIBO FINAL DE OBRA E INTERVENTORIA | N21: Director de Interventoría, Ingeniero Residente de Interventoría (3), Especialista Ambiental, Especialista en Vía y/o Pavimentos. | O21: 0.1 | P21: =5%*P24 -> 0.125 | Q21: =5%*Q24 -> 0.075 | R21: =5%*R24 -> 0.05 | S21: =5%*S24 -> 0.125 | T21: =5%*T24 -> 0.125 | U21: 0
A22: 2.7. INFORME FINAL Y ENTREGA DOCUMENTOS PARA LIQUIDACION | N22: Director de Interventoría, Ingeniero Residente de Interventoría (3), Especialista Ambiental, Especialista en Vía y/o Pavimentos. | O22: 0.2 | P22: =5%*P24 -> 0.125 | Q22: =5%*Q24 -> 0.075 | R22: =5%*R24 -> 0.05 | S22: =5%*S24 -> 0.125 | T22: =5%*T24 -> 0.125 | U22: 0
N23: DEDICACIÓN TOTAL PRESUPUESTO | O23: =SUM(O14:O22) -> 2.5 | P23: =SUM(P14:P22) -> 2.5 | Q23: =SUM(Q14:Q22) -> 1.5 | R23: =SUM(R14:R22) -> 1 | S23: =SUM(S14:S22) -> 2.5 | T23: =SUM(T14:T22) -> 2.5 | U23: =SUM(U14:U22) -> 2.5
O24: ='PRESUPUESTO OFICIAL'!G17 -> 2.5 | P24: ='PRESUPUESTO OFICIAL'!G18 -> 2.5 | Q24: ='PRESUPUESTO OFICIAL'!G19 -> 1.5 | R24: ='PRESUPUESTO OFICIAL'!G20 -> 1 | S24: ='PRESUPUESTO OFICIAL'!G22 -> 2.5 | T24: ='PRESUPUESTO OFICIAL'!G23 -> 2.5 | U24: ='PRESUPUESTO OFICIAL'!G25 -> 2.5
A25: NOTA:
A26: Todas las actividades de Interventoría estan apoyadas por el Personal Logistico de la Interventoría.
A31: Nombre y firma del Representante Legal del Proponente
